 Dungeon Sprint DCSS version 0.28.0-53-g5a82cb258f (webtiles) character file.

Game seed: 3069298099456379842

1269 Zeld the Cleaver (level 8, -4/129 HPs)
             Began as a Minotaur Berserker on June 4, 2022.
             Was a High Priest of Trog.
             Slain by Snorg (6 damage)
             ... in the Dungeon (Sprint III: "The Ten Rune Challenge").
             The game lasted 00:00:58 (1188 turns).

Zeld the Cleaver (Minotaur Berserker)               Turns: 1188, Time: 00:00:58

Health: -4/129     AC:  2    Str: 23    XL:     8   Next: 28%
Magic:  7/7        EV: 15    Int:  4    God:    Trog [*****.]
Gold:   24         SH:  0    Dex: 11    Spells: 7/7 levels left

rFire   . . .      SeeInvis .   a - +0 hand axe
rCold   . . .      Faith    .   (no shield)
rNeg    . . .      Spirit   .   b - +0 animal skin
rPois   .          Reflect  .   (helmet restricted)
rElec   .          Harm     .   (no cloak)
rCorr   .          Rampage  .   (no gloves)
Will    .....      NoTele   +   (no boots)
Stlth   ..........              (no amulet)
HPRegen 0.31/turn               (no ring)
MPRegen 0.10/turn               (no ring)

@: berserking, slow
A: horns 2, retaliatory headbutt
a: Renounce Religion, Berserk, Trog's Hand, Brothers in Arms


You were in the Dungeon.
You worshipped Trog.
Trog was extremely pleased with you.
You visited 1 branch You collected 24 gold pieces.

Inventory:

Hand Weapons
 a - a +0 hand axe (weapon)
Armour
 b - a +0 animal skin (worn)
Wands
 n - a wand of digging (7)
Scrolls
 h - a scroll of blinking
 k - 3 scrolls of immolation {unknown}
 l - 3 scrolls of identify
Potions
 c - 2 potions of curing
 d - a potion of heal wounds
 e - a potion of haste
 f - 2 potions of magic
 g - a potion of berserk rage
 i - a potion of degeneration {unknown}
 j - 4 potions of mutation {unknown}
 m - 3 potions of flight
Miscellaneous
 o - a piece from Xom's chessboard (15/15)


   Skills:
 * Level 13.1 Fighting
 * Level 13.1 Axes
 + Level 9.3 Armour
 + Level 8.5 Dodging


You had 7 spell levels left.
You didn't know any spells.
Your spell library was empty.

Dungeon Overview and Level Annotations

Branches:
Dungeon (1/1)

Altars:
Cheibriados
Dithmenos
Elyvilon
Fedhas
Gozag
Hepliaklqana
Kikubaaqudgha
Makhleb
Nemelex Xobeh
Okawaru
Qazlal
Ru
Sif Muna
Trog
Uskayaw
Vehumet
Wu Jian
Xom
Yredelemnul
Zin
The Shining One
Beogh
Jiyva
Lugonu

Annotations:
D Snorg


Innate Abilities, Weirdness & Mutations

You have a pair of horns on your head.
You reflexively headbutt those who attack you in melee.


Message History

Snorg is lightly wounded.
Unknown command.
You closely miss Snorg.
Snorg is lightly wounded.
Snorg barely misses you. Snorg closely misses you. Snorg claws you!
* * * LOW HITPOINT WARNING * * *
Unknown command.
You hit Snorg. Your headbutt misses Snorg.
Snorg is lightly wounded.
Unknown command.
Your unstable footing causes you to fumble your attack.
Snorg barely misses you. Snorg completely misses you. Snorg misses you.
Unknown command.
Unknown command.
You hit Snorg.
Snorg is lightly wounded.
Snorg barely misses you. x2; Snorg misses you.
Unknown command.
Unknown command.
You slash Snorg!
Snorg is lightly wounded.
Unknown command.
Unknown command.
You slash Snorg!
Snorg is moderately wounded.
Snorg bites you.
* * * LOW HITPOINT WARNING * * *
Snorg claws you but does no damage. Snorg claws you!
* * * LOW HITPOINT WARNING * * *
Unknown command.
Your unstable footing causes you to fumble your attack.
Unknown command.
You barely miss Snorg.
Snorg is moderately wounded.
Snorg closely misses you. You furiously retaliate!
You headbutt Snorg! Snorg completely misses you. Snorg closely misses you.
Unknown command.
Your unstable footing causes you to fumble your attack.
Snorg bites you.
You die...

♣.#___#___#__#
..#)..#__)#)_#
♣.###'#'###'##
♣.#..........#
♣.'.⌠........#
..#...######'#
..#.⌠.#__#...#+#####
..#...#__#...#§§§§§+
..#)###__#...#.#@§§#
..#.::#__#...'.#T§§#
..#___#__'...#.#§.§#
▓▓▓▓▓▓▓▓▓▓▓▓▓▓▓▓▓▓▓▓


You could see Snorg (berserk).

Vanquished Creatures
  A deep elf pyromancer (D)
  A shadow (D)
  A spatial vortex (D)
  A necrophage (D)
  A water elemental (D)
  A jelly (D)
  Jessica (D)
  A wizard (D)
  A necromancer (D)
  A kobold demonologist (D)
  3 humans (D)
  A wolf (D)
  2 endoplasms (D)
  A rat (D)
17 creatures vanquished.

Notes
Turn   | Place    | Note
-------+----------+-------------------------------------------
     0 | D        | Zeld the Minotaur Berserker began the quest for the Orb.
     0 | D        | Reached XP level 1. HP: 19/19 MP: 0/0
    88 | D        | Noticed Jessica
    91 | D        | Killed Jessica
    91 | D        | Reached ** piety under Trog
    92 | D        | Reached skill level 5 in Fighting
    92 | D        | Reached skill level 5 in Axes
    92 | D        | Reached XP level 2. HP: 18/29 MP: 1/1
    92 | D        | Reached XP level 3. HP: 23/36 MP: 2/2
   512 | D        | Noticed a water elemental
   516 | D        | Killed a water elemental
   516 | D        | Reached *** piety under Trog
   517 | D        | Reached skill level 5 in Armour
   517 | D        | Reached XP level 4. HP: 47/47 MP: 3/3
   585 | D        | Found a radiant altar of Vehumet.
   585 | D        | Found a shimmering blue altar of Sif Muna.
   585 | D        | Found an ancient bone altar of Kikubaaqudgha.
   585 | D        | Noticed a wizard
   587 | D        | Killed a wizard
   588 | D        | Reached XP level 5. HP: 53/53 MP: 4/4
   590 | D        | Reached skill level 5 in Dodging
   648 | D        | Found a glowing silver altar of Zin.
   648 | D        | Found a glowing golden altar of the Shining One.
   648 | D        | Found a white marble altar of Elyvilon.
   650 | D        | Noticed a deep elf pyromancer
   656 | D        | Killed a deep elf pyromancer
   656 | D        | Reached **** piety under Trog
   657 | D        | Reached XP level 6. HP: 68/68 MP: 5/5
   657 | D        | Reached XP level 7. HP: 74/74 MP: 6/6
   744 | D        | Found a hide-covered altar of Uskayaw.
   744 | D        | Found an iron altar of Okawaru.
   744 | D        | Found a bloodstained altar of Trog.
   744 | D        | Found an ornate altar of the Wu Jian Council.
   744 | D        | Noticed a human
   745 | D        | Noticed a human
   753 | D        | Killed a human
   759 | D        | Killed a human
   883 | D        | Found a basalt altar of Yredelemnul.
   883 | D        | Found a shadowy altar of Dithmenos.
   883 | D        | Found a sacrificial altar of Ru.
   972 | D        | Noticed a shadow
   976 | D        | Reached ***** piety under Trog
   978 | D        | Killed a shadow
   979 | D        | Reached XP level 8. HP: 83/85 MP: 7/7
  1087 | D        | Found a blossoming altar of Fedhas.
  1087 | D        | Found a stormy altar of Qazlal.
  1087 | D        | Found a snail-covered altar of Cheibriados.
  1087 | D        | Found a burning altar of Makhleb.
  1087 | D        | Found a shimmering altar of Xom.
  1127 | D        | Found a hazy altar of Hepliaklqana.
  1127 | D        | Found an opulent altar of Gozag.
  1127 | D        | Found a sparkling altar of Nemelex Xobeh.
  1127 | D        | Found a corrupted altar of Lugonu.
  1127 | D        | Found a viscous altar of Jiyva.
  1170 | D        | Noticed Snorg
  1185 | D        | HP: 2/129 [Snorg (11)]
  1188 | D        | Slain by Snorg

Illustrated notes

Levels and vault maps discovered:
D:        dungeon_sprint_mu [sprint_mu_entry_forest, sprint_mu_temple_rooms,
          sprint_mu_d1_horrors, sprint_mu_d2_genie, sprint_mu_d3_branching,
          sprint_mu_orc_legion, sprint_mu_elf_gauntlet, sprint_mu_hive_nellie,
          sprint_mu_lair_fedhas, sprint_mu_vaults_butterflies,
          sprint_mu_slime_circle, sprint_mu_swamp_cave, sprint_mu_shoals_kraken,
          sprint_mu_blade_basic, sprint_mu_crypt_lich, sprint_mu_tomb_spiral,
          sprint_mu_vestibule_basic, sprint_mu_gehenna_hellfire,
          sprint_mu_dis_giant, sprint_mu_tartarus_statrot,
          sprint_mu_cocytus_islands, sprint_mu_zot1]

Skill      XL: |  1  2  3  4  5  6  7  8 |
---------------+-------------------------+-----
Axes           | 5 7 8 11 12 13 | 13.1
Fighting       | 5 7 8 11 12 13 | 13.1
Armour         | 3 5 7 9 |  9.3
Dodging        | 3 4 7 8 |  8.5

Action                   |  1- 3 |  4- 6 |  7- 9 || total
-------------------------+-------+-------+-------++-------
Melee: Hand axe          |    11 |     8 |    45 ||    64
       Headbutt          |     4 |     1 |     5 ||    10
Invok: Berserk           |     3 |     2 |     4 ||     9
Armor: Animal skin       |     1 |       |     3 ||     4
Dodge: Dodged            |     9 |     2 |    32 ||    43
